Arrhythmia, chaotic female vampiric Convict -------- |.......0 #+......| ----------- ---------- ------------ ###|......| |..........##### #.>.......| |..........| ###.......| |.........| ####|........| |..........| #### |......| #..........|########+........| |....<......########0##### ----.--- ###|.........|# #### |..*.....| |..........| ### # # |......|..|# # ##......^..| ---.-------- # # ### -----------#### |........| ###### ### # 0#################### ---------- # # ### ### ### ### ### # # # # # --|-- ### ### -.-----# |...| # # |.....|###########.....#qq#M################## |..)...# |...| @ |..(..| |...|#### ------- ----- Arrhythmia the Jail-bird Experience level: 8 Strength: 17 Dexterity: 11 Constitution: 18 Intelligence: 11 Wisdom: 8 Charisma: 9 Health: 0(83) Energy: 43(43) AC: 3 Gold: 1018 Moves: 4483 Your Inventory: Coins $ - 1018 gold pieces Armor b - a cursed +0 striped shirt (being worn) s - an [uncursed] burnt +0 mummy wrapping (being worn) z - an [uncursed] +0 elven mithril-coat (being worn) F - a [blessed] +1 leather hat [elven leather helm] (being worn) G - an [uncursed +0] leather hat [elven leather helm] Scrolls l - an [uncursed] scroll labeled HZLRC KSTSBD MPFNG [of teleportation] Potions f - 2 uncursed indigo potions [of confusion] w - 2 [uncursed] clear potions [of water] y - an [uncursed] milky potion [of healing] E - an [uncursed] white potion [of monster detection] Rings v - an [uncursed] opal ring [of levitation] Wands C - an [uncursed] bent wand [of light (0:13)] Tools d - an uncursed lock pick A - an [uncursed magic] lamp (lit) Gems o - 2 [uncursed] violet gems [worthless glass] D - an [uncursed] green gem [worthless glass] Iron balls c - an uncursed heavy iron ball (chained to you) (weapon in hand) Spells known in the end: Name Level Category Fail Memory a - turn undead 6 clerical 100% [||||||||] Your skills at the end: Fighting Skills Weapon Skills sling [Basic / Skilled] Spellcasting Skills Final Attributes: You were piously aligned. Hunger level was 584. Your alignment was 31 / 32. Monster difficulty range was 1 - 8. Level difficulty was 8. You were immune to poison. You were immune to level-drain. You were immune to sickness. You were punished. You could fly. You could survive without air. You regenerated. Your luck was zero. You are dead. Vanquished creatures: a leather golem 4 wolves a leprechaun an orc-captain 3 Green-elves a dingo 2 housecats a blue jelly a raven a pony a fog cloud a shrieker a gnome lord 3 kobold mummies a ghoul 2 giant ants a little dog 2 floating eyes 3 hill orcs 2 rothes 3 dwarf zombies a wererat 4 iguanas an acid blob a hobbit 3 manes a large kobold a hobgoblin 2 giant rats 2 cave spiders a brown mold 2 yellow molds 2 geckos 6 jackals a fox 3 goblins 5 sewer rats 7 grid bugs 3 bats 4 lichens a kobold zombie 6 newts 93 creatures vanquished. Voluntary challenges: You went without food. You never hit with a wielded weapon. You read items or engraved 2 times. You put on armor 8 times. You never genocided any monsters. You never polymorphed an object. You never changed form. You used no wishes. You abstained from Elbereth's help. You never encountered a bones level. You never used any Sokoban shortcuts. Dungeon overview: The Dungeons of Doom: levels 1 to 8 Level 1 a long staircase Level 2 an altar to Tymora, a fountain a long staircase Level 3 a weapon shop, a sink Level 4 a sink Level 5 some fountains Level 7 a fountain Level 8 <- You were here a fountain History has recorded: On T:1 you entered the Dungeons of Doom to retrieve the Amulet of Yendor! On T:368 you advanced to experience level 2. On T:374 you reached level 2 of The Dungeons of Doom. On T:864 you advanced to experience level 3. On T:971 you reached level 3 of The Dungeons of Doom. On T:1341 you advanced to experience level 4. On T:1839 you advanced to experience level 5. On T:1843 you reached level 4 of The Dungeons of Doom. On T:2114 you advanced to experience level 6. On T:2428 you reached level 5 of The Dungeons of Doom. On T:2978 you advanced to experience level 7. On T:3245 you reached level 6 of The Dungeons of Doom. On T:3610 you reached level 7 of The Dungeons of Doom. On T:4009 you reached level 8 of The Dungeons of Doom. On T:4164 you advanced to experience level 8. Latest messages: [HP-11=45] You miss the ettin mummy. You bite the ettin mummy. The ettin mummy hits! (2x) [HP-12=33] You miss the ettin mummy. (2x) The ettin mummy hits! (2x) [HP-16=17] You hit the ettin mummy. You miss the ettin mummy. The ettin mummy just misses! The ettin mummy hits! [HP-9=8] [HP+1=9] [HP+1=10] [HP+1=11] [HP+1=12] [HP+1=13] The rothe hits! The rothe bites! (2x) [HP-8=5] The ettin mummy hits! (2x) You die... Final status: Goodbye Arrhythmia the Convict... You died in The Dungeons of Doom on dungeon level 8 with 5687 points, and 1018 pieces of gold, after 4483 moves. You were level 8 with a maximum of 83 hit points when you died.